 Seeded DCSS version 0.27-a0-95-g5a9077b8ae (webtiles) character file.

Game seed: 5125158891462947277 (custom seed)

717 tacoguy the Covered (level 7, -9/91 HPs)
             Began as a Minotaur Fighter on Jan 19, 2021.
             Mangled by a gnoll
             ... wielding a +0 halberd
              (13 damage)
             ... on level 5 of the Dungeon.
             The game lasted 00:08:31 (3467 turns).

tacoguy the Covered (Minotaur Fighter)              Turns: 3467, Time: 00:08:32

Health: -9/91      AC:  9    Str: 22    XL:     7   Next: 42%
Magic:  6/6        EV: 10    Int:  5    God:
Gold:   321        SH: 10    Dex: 10    Spells: 6/6 levels left

rFire    . . .     SeeInvis .   a - +0 war axe
rCold    + . .     Faith    .   c - +0 kite shield
rNeg     . . .     Spirit   .   m - +2 ring mail {rC+}
rPois    .         Reflect  .   (helmet restricted)
rElec    .         Harm     .   (no cloak)
rCorr    .         Rampage  .   o - +0 pair of gloves
Will     .....                  (no boots)
Stlth    ..........             (no amulet)
HPRegen  0.25/turn              (no ring)
MPRegen  0.10/turn              (no ring)

@: berserking, attractive, slow
A: retaliatory headbutt, horns 2
a: no special abilities


You were on level 5 of the Dungeon.
You visited 1 branch of the dungeon, and saw 5 of its levels.

You collected 321 gold pieces.

Inventory:

Hand Weapons
 a - a +0 war axe (weapon)
Armour
 c - a +0 kite shield (worn)
 m - a +2 ring mail of cold resistance (worn)
 o - a +0 pair of gloves (worn)
Magical Staves
 p - an uncursed staff of air
Scrolls
 e - a scroll of magic mapping {unknown}
 f - 3 scrolls of remove curse {unknown}
 g - a scroll of random uselessness {unknown}
 i - 5 scrolls of identify {unknown}
 j - a scroll of enchant armour {unknown}
 q - a scroll of teleportation {unknown}
Potions
 b - a potion of flight {unknown}
 h - a potion of mutation {unknown}
 k - a potion of haste
 n - a potion of heal wounds {unknown}
 r - a potion of attraction


   Skills:
 + Level 5.6 Fighting
 + Level 5.2 Axes
 + Level 5.8 Armour
 + Level 3.4 Dodging
 + Level 5.6 Shields


You had 6 spell levels left.
You didn't know any spells.
Your spell library was empty.

Dungeon Overview and Level Annotations

Branches:
Dungeon (5/15)             Temple (0/1) D:5

Altars:
Cheibriados
Vehumet
Zin


Innate Abilities, Weirdness & Mutations

You reflexively headbutt those who attack you in melee.
You have a pair of horns on your head.


Message History

* * * LOW HITPOINT WARNING * * *
You block the gnoll's attack.
It was a potion of attraction.
You feel attractive to monsters.
The gnoll shaman splashes around in the water.
The gnoll splashes around in the water.
It was a potion of berserk rage.
A red film seems to cover your vision as you go berserk!
You feel yourself moving faster!
You feel mighty! The gnoll barely misses you. x2
The gnoll shaman hits you but does no damage.
You closely miss the gnoll shaman. Your headbutt misses the gnoll shaman.
The gnoll shaman is severely wounded.
The gnoll hits you but does no damage. You block the gnoll's attack.
The gnoll shaman hits you but does no damage.
Your unstable footing causes you to fumble your attack.
The gnoll hits you from afar with a +0 spear.
* * * LOW HITPOINT WARNING * * *
The gnoll shaman hits you but does no damage.
The gnoll hits you from afar with a +0 halberd!
You die...

.. ######### ...#
#≈@gg#o.##...##
#≈≈≈ggg.......#....
#≈≈≈≈≈≈≈≈.....#....
##≈≈≈≈≈≈≈≈≈≈..#.≈≈≈
####≈≈≈≈≈≈≈≈≈≈≈≈≈≈≈≈
#....#≈≈≈≈≈≈≈≈≈≈≈≈≈≈
#........≈≈≈≈≈≈≈≈≈≈≈≈
#...........≈≈≈≈≈≈≈≈.
##...................


You could see a gnoll shaman and 4 gnolls.

Vanquished Creatures
  2 ogres
  A scorpion (D:4)
  2 hounds
  A jelly (D:5)
  An orc priest (D:5)
  6 orc wizards
  An iguana (D:5)
  2 worker ants
  A hound skeleton (D:5)
  4 adders
  A white imp (D:5)
  5 leopard geckos
  12 orcs
  5 giant cockroaches
  8 goblins
  7 hobgoblins
  3 jackals (D:3)
  9 kobolds
  4 quokkas
  A ball python (D:3)
  4 bats
  5 frilled lizards
  4 rats
  A toadstool (D:1)
90 creatures vanquished.

Vanquished Creatures (others)
  5 fungi (D:1)
  A plant (D:5)
  4 toadstools (D:1)
10 creatures vanquished.

Grand Total: 100 creatures vanquished

Notes
Turn   | Place    | Note
-------+----------+-------------------------------------------
     0 | D:1      | tacoguy the Minotaur Fighter began the quest for the Orb.
     0 | D:1      | Reached XP level 1. HP: 19/19 MP: 0/0
   254 | D:1      | Reached XP level 2. HP: 23/27 MP: 1/1
   732 | D:2      | Found a faded altar of an unknown god.
   928 | D:2      | Reached XP level 3. HP: 33/33 MP: 2/2
  1074 | D:2      | Noticed an ogre
  1330 | D:3      | Found a radiant altar of Vehumet.
  1438 | D:3      | Reached skill level 1 in Dodging
  1438 | D:3      | Reached XP level 4. HP: 18/40 MP: 3/3
  1779 | D:3      | Reached XP level 5. HP: 37/47 MP: 4/4
  2026 | D:3      | Found a glowing silver altar of Zin.
  2435 | D:4      | Reached skill level 5 in Armour
  2435 | D:4      | Reached XP level 6. HP: 52/53 MP: 5/5
  2529 | D:4      | Reached skill level 5 in Shields
  2609 | D:4      | Reached skill level 5 in Fighting
  3127 | D:5      | Entered Level 5 of the Dungeon
  3136 | D:5      | Reached XP level 7. HP: 16/61 MP: 6/6
  3185 | D:5      | Found a staircase to the Ecumenical Temple.
  3220 | D:5      | Reached skill level 5 in Axes
  3293 | D:5      | Noticed a torpor snail
  3295 | D:5      | Found a snail-covered altar of Cheibriados.
  3295 | D:5      | Noticed a torpor snail
  3297 | D:5      | Noticed a torpor snail
  3463 | D:5      | HP: 2/61 [gnoll/+0 spear (4)]
  3467 | D:5      | Mangled by a gnoll

Illustrated notes

Levels and vault maps discovered:
D:1:      dpeg_arrival_pits, layout_rooms, minmay_misc_feat_secret_circle,
          minmay_gold_behind_fungi, minmay_surrounded
D:2:      layout_basic, chequers_ecumenical_altar_island, lightli_corner_chamber
D:3:      layout_basic, zin_academy, vehumet_crystals, bh_walls_and_bars
D:4:      layout_basic
D:5:      wander_river, layout_gridville, cheibriados_altar_2,
          minmay_temple_entry_statues_fountains, gup_sewer_entry_spiral,
          serial_bayou_ford_a, chequers_serial_rivers_small_3,
          minmay_fire_ice_demons

Skill      XL: |  1  2  3  4  5  6  7 |
---------------+----------------------+-----
Axes           | 3 4 5 |  5.2
Armour         | 4 5 |  5.8
Fighting       | 4 5 |  5.6
Shields        | 4 5 |  5.6
Dodging        | 1 2 3 |  3.4

Action                   |  1- 3 |  4- 6 |  7- 9 || total
-------------------------+-------+-------+-------++-------
Melee: War axe           |    79 |    66 |    46 ||   191
       Headbutt          |    11 |    12 |    10 ||    33
  Use: Potion            |       |       |     3 ||     3
Armor: Scale mail        |    20 |       |       ||    20
       Ring mail         |    16 |    30 |    14 ||    60
Dodge: Dodged            |    30 |    37 |    18 ||    85
Block: Kite shield       |    50 |    38 |    29 ||   117

Table legend: (Time is in decaauts)
 A = Elapsed time spent in this place.
 B = Non-inter-level travel time spent in this place.
 C = Inter-level travel time spent in this place.
 D = Time resting spent in this place.
 E = Time spent auto-exploring this place.
 F = Levels seen in this place.
 G = Mean time per level.
                   A        B        C        D        E       F      G
               +--------+--------+--------+--------+--------+-----+--------+
         Total |   3547 |   3348 |    199 |    617 |   2142 |   5 |  709.4 |
       Dungeon |   3547 |   3348 |    199 |    617 |   2142 |   5 |  709.4 |
               +--------+--------+--------+--------+--------+-----+--------+

Top non-repeatable levels by time:
     D:3: 1139 daAuts
     D:4: 709 daAuts
     D:2: 676 daAuts
     D:1: 659 daAuts
     D:5: 362 daAuts
